 Dungeon Crawl Stone Soup version 0.31-a0-664-g902f515a81 (webtiles) character file.

Game seed: 4042165212279030198

84 JavaGenius the Digger (level 4, 0/24 HPs)
             Began as a Gargoyle Earth Elementalist on Sept 2, 2023.
             Slain by Grinder (1 damage)
             ... on level 3 of the Dungeon.
             The game lasted 00:11:00 (2706 turns).

JavaGenius the Digger (Gargoyle Earth Elementalist) Turns: 2706, Time: 00:11:02

Health: 0/24       AC:  5    Str: 12    XL:     4   Next: 45%
Magic:  3/8        EV: 11    Int: 17    God:
Gold:   124        SH:  0    Dex: 10    Spells: 8/9 levels left

rFire   . . .        (no weapon)
rCold   . . .        (no shield)
rNeg    + . .        a - +0 robe
rPois   ∞            (no helmet)
rElec   +            (no cloak)
rCorr   .            (no gloves)
SInv    .            (no boots)
Will    .....        (no amulet)
Stlth   ++           (no ring)
HPRegen 0.24/turn    (no ring)
MPRegen 0.11/turn

%: no passive effects
@: no status effects
A: sickness immunity, AC +3, negative energy resistance 1, electricity
resistance, torment resistance 1, petrification resistance
a: no special abilities


You were on level 3 of the Dungeon.
You visited 1 branch of the dungeon, and saw 3 of its levels.

You collected 124 gold pieces.

Inventory:

Armour
 a - a +0 robe (worn)
Jewellery
 m - a ring of willpower
 n - a ring of protection from cold
 q - a ring of protection from fire
Scrolls
 d - 2 scrolls of revelation {unknown}
 f - a scroll of silence {unknown}
 g - 2 scrolls of enchant weapon {unknown}
 i - a scroll of enchant armour {unknown}
 j - a scroll of teleportation {unknown}
 k - a scroll of brand weapon {unknown}
 o - a scroll of immolation {unknown}
 p - 3 scrolls of identify {unknown}
 r - a scroll of fear {unknown}
Potions
 b - a potion of magic
 c - a potion of haste {unknown}
 e - a potion of mutation {unknown}
 h - 3 potions of might {unknown}
 l - 3 potions of brilliance {unknown}


   Skills:
 - Level 1.5 Dodging
 - Level 2.1 Stealth
 - Level 3.0 Spellcasting
 - Level 0.7 Transmutations
 + Level 5.3 Earth Magic


You had 8 spell levels left.
You knew the following spells:

 Your Spells              Type           Power      Damage    Failure   Level
a - Sandblast             Erth           40%        2d10      1%          1

Your spell library contained the following spells:

 Spells                   Type           Power      Damage    Failure   Level
 Passwall                 Tmut/Erth      10%        N/A       8%          2
 Stone Arrow              Conj/Erth      22%        3d8       17%         3
 Petrify                  Tmut/Erth      12%        N/A       45%         4


Dungeon Overview and Level Annotations

Branches:
Dungeon (3/15)

Altars:

Annotations:
D:3 Grinder


Innate Abilities, Weirdness & Mutations

You are immune to sickness and miasma.
Your stone body is resilient. (AC +3)
You are immune to poison.
You resist negative energy. (rN+)
You are resistant to electric shocks. (rElec)
You are resistant to unholy torment.
You are immune to petrification.


Message History

Grinder blinks!
There is an open door here.
Aiming: Sandblast (safe; 1% risk of failure)
Press: ? - help, Q - select action Shift-Dir - straight line, f - Grinder
Aim: Grinder (81% to hit)
The blast of sand misses Grinder.
A nearby plant withers and dies.
Grinder gestures at you. Pain shoots through your body!
Aiming: Sandblast (safe; 1% risk of failure)
Press: ? - help, Q - select action Shift-Dir - straight line, f/p - Grinder
Aim: Grinder (81% to hit)
The blast of sand hits Grinder.
Grinder is lightly wounded.
Aiming: Sandblast (safe; 1% risk of failure)
Press: ? - help, Q - select action Shift-Dir - straight line, f/p - Grinder
Aim: Grinder (lightly wounded, 81% to hit)
The blast of sand hits Grinder.
Grinder is moderately wounded.
Grinder blinks!
Grinder closely misses you.
Aiming: Sandblast (safe; 1% risk of failure)
Press: ? - help, Q - select action Shift-Dir - straight line, f/p - Grinder
Aim: Grinder (moderately wounded, 81% to hit)
The blast of sand hits Grinder!
Grinder is heavily wounded.
Grinder hits you.
You writhe in agony.
Aiming: Sandblast (safe; 1% risk of failure)
Press: ? - help, Q - select action Shift-Dir - straight line, f/p - Grinder
Aim: Grinder (heavily wounded, 81% to hit)
The blast of sand hits Grinder.
Grinder is heavily wounded.
Grinder hits you!
* * * LOW HITPOINT WARNING * * *
You writhe in agony.
* * * LOW HITPOINT WARNING * * *
Grinder hits you.
* * * LOW HITPOINT WARNING * * *
You writhe in agony.
You die...
Grinder says, "Now the real fun starts!"

## .### ♣♣ ♣♣♣...# ♣♣P
♣÷♣...# ##. ♣.P#####..#
#.. ♣..#...#..#
#.♣♣♣♣PP#...♣..#
#.♣_....@58.'..#
#.♣♣P♣P.#...♣..#
#..♣♣♣..#...#..#
#...♣♣..#####..#
#####....♣♣P ♣g♣...#
####.....##..♣♣♣♣♣♣.#.#
##....#######..........#
...#### ###.#.....##
#### #...#####


You could see Grinder and a hobgoblin.

Vanquished Creatures
  An adder (D:3)
  3 worms (D:2)
  A dart slug (D:1)
  6 ball pythons
  6 bats
  3 endoplasms
  9 giant cockroaches
  9 hobgoblins
  A quokka (D:1)
  2 frilled lizards (D:1)
  8 goblins
  4 kobolds
  6 rats
59 creatures vanquished.

Notes
Turn   | Place    | Note
-------+----------+-------------------------------------------
     0 | D:1      | JavaGenius the Gargoyle Earth Elementalist began the quest
                  | for the Orb.
     0 | D:1      | Reached XP level 1. HP: 10/10 MP: 3/3
   213 | D:1      | Reached skill level 4 in Earth Magic
   273 | D:1      | Reached XP level 2. HP: 15/15 MP: 3/5
   851 | D:1      | Reached skill level 5 in Earth Magic
   851 | D:1      | Reached XP level 3. HP: 19/19 MP: 2/6
  1863 | D:2      | Reached XP level 4. HP: 24/24 MP: 5/8
  2700 | D:3      | Found a faded altar of an unknown god.
  2701 | D:3      | Noticed Grinder
  2706 | D:3      | HP: 1/24 [Grinder (4)]
  2706 | D:3      | Slain by Grinder

Illustrated notes

Levels and vault maps discovered:
D:1:      minmay_arrival_glassed_features, layout_loops_corners
D:2:      layout_loops_ring, serial_forest, infiniplex_forest_clump_small,
          infiniplex_forest_join, infiniplex_forest_end_double,
          infiniplex_forest_fountain, infiniplex_forest_lined_2,
          infiniplex_forest_end_2, infiniplex_forest_lined_ring,
          hangedman_abyss_or_decor_stabs
D:3:      layout_rooms, grunt_temple_overflow_lords_of_destruction,
          dilly_ecumenical_altar_fadedgnrine, uniq_grinder, uniq_natasha

Skill      XL: |  1  2  3  4 |
---------------+-------------+-----
Earth Magic    | 4 5 |  5.3
Spellcasting   | 3 |  3.0
Dodging        | |  1.5
Stealth        | |  2.1
Transmutations | |  0.7

Action                     |  1- 3 |  4- 6 || total
---------------------------+-------+-------++-------
  Melee: Unarmed           |       |    16 ||    16
   Cast: Sandblast         |    57 |    21 ||    78
 Armour: Robe              |     9 |    13 ||    22
  Dodge: Dodged            |    10 |    12 ||    22

Table legend: (Time is in decaauts)
 A = Elapsed time spent in this place.
 B = Non-inter-level travel time spent in this place.
 C = Inter-level travel time spent in this place.
 D = Time resting spent in this place.
 E = Time spent auto-exploring this place.
 F = Levels seen in this place.
 G = Mean time per level.
                   A        B        C        D        E       F      G
               +--------+--------+--------+--------+--------+-----+--------+
         Total |   2745 |   2658 |     87 |    105 |   2167 |   3 |  915.0 |
       Dungeon |   2745 |   2658 |     87 |    105 |   2167 |   3 |  915.0 |
               +--------+--------+--------+--------+--------+-----+--------+

Top non-repeatable levels by time:
     D:1: 1411 daAuts
     D:2: 1078 daAuts
     D:3: 255 daAuts
